San Jose Sharks vs Anaheim Ducks
Created - Wednesday, March 6, 2024 at 07:03
Goals
|
| San Jose Sharks |
2 |
1 |
1 |
4 |
| Anaheim Ducks |
0 |
1 |
1 |
2 |
|
Shots
|
| San Jose Sharks |
17 |
8 |
9 |
34 |
| Anaheim Ducks |
8 |
11 |
10 |
29 |
|
1st period
1. San Jose Sharks , Victor Olofsson 4 (Simon Nemec 3) at 1:08
2. San Jose Sharks , Zachary Werenski 6 (Ivan Barbashev 13, Adam Henrique 12) at 2:55
Penalties :
Mason Marchment (ANA) for Holding (Minor) at 9:00
2nd period
3. Anaheim Ducks , William Nylander 20 (John Tavares 19) at 11:51
4. San Jose Sharks , Christian Dvorak 6 (Adam Henrique 13, Ivan Barbashev 14) at 14:36 (PP)
Penalties :
Ivan Barbashev (SJS) for Hooking (Minor) at 6:29, Josh Manson (ANA) for Boarding (Minor) at 14:20
3rd period
5. Anaheim Ducks , Nazem Kadri 3 (Mason Marchment 4) at 6:05
6. San Jose Sharks , Ivan Barbashev 8 (Adam Henrique 14, Christian Dvorak 12) at 11:24
Penalties :
Max Domi (ANA) for Goalie Interference (Minor) at 0:35, Mason Marchment (ANA) for Tripping (Minor) at 3:28, Mason Marchment (ANA) for Roughing (Minor) at 8:24, Josh Manson (ANA) for Holding (Minor) at 18:47
Goalie Stats
Ilya Samsonov (SJS), 27 saves from 29 shots - (0.931), W, 12-9-2, 60:00 minutes
Linus Ullmark (ANA), 30 saves from 34 shots - (0.882), L, 12-9-0, 60:00 minutes
Players Stats for San Jose Sharks
Player Name G A P +/- PIM S H SB GA TA FO MP PP MP PK MP
------------------------------------------------------------------------------------
Adam Henrique 0 3 3 2 0 3 1 0 0 0 10/22 19:55 4:26 0:56
Andreas Athanasiou 0 0 0 0 0 1 0 0 0 0 0/0 12:32 0:31 0:00
Christian Dvorak 1 1 2 2 0 6 0 1 1 1 0/0 19:20 4:26 0:05
Christopher Tanev 0 0 0 1 0 1 0 1 0 0 0/0 14:07 0:00 0:00
Connor Murphy 0 0 0 0 0 2 1 1 0 0 0/0 23:19 5:20 0:51
Derek Forbort 0 0 0 0 0 1 1 0 0 1 0/0 22:34 4:04 1:08
Dmitry Orlov 0 0 0 0 0 1 2 0 1 0 0/0 22:34 4:04 1:08
Dylan Strome 0 0 0 -1 0 1 1 0 0 0 1/2 18:27 4:10 0:56
Ilya Mikheyev 0 0 0 0 0 1 0 0 1 0 0/0 9:04 0:38 0:00
Ivan Barbashev 1 2 3 2 2 3 4 0 1 0 0/1 19:14 4:26 0:00
Jack Roslovic 0 0 0 0 0 0 1 0 0 0 0/0 12:22 0:00 0:05
John Hayden 0 0 0 0 0 0 2 1 0 0 1/3 9:01 0:35 0:00
Ryan Hartman 0 0 0 0 0 1 1 0 0 0 1/4 12:32 0:31 0:00
Simon Nemec 0 1 1 1 0 0 1 0 0 1 0/0 14:07 0:00 0:00
Valeri Nichushkin 0 0 0 -1 0 5 3 0 1 0 0/1 18:29 4:10 0:58
Victor Olofsson 1 0 1 0 0 4 0 0 1 0 0/0 8:35 0:09 0:00
William Karlsson 0 0 0 -1 0 2 1 0 0 0 12/25 18:29 4:10 0:58
Zachary Werenski 1 0 1 0 0 2 1 1 0 0 0/0 23:19 5:20 0:51
Players Stats for Anaheim Ducks
Player Name G A P +/- PIM S H SB GA TA FO MP PP MP PK MP
------------------------------------------------------------------------------------
Alex Killorn 0 0 0 -2 0 2 0 0 1 0 0/0 19:48 0:54 5:13
Brayden Schenn 0 0 0 0 0 1 2 3 1 0 1/1 13:16 0:04 1:02
Brenden Dillon 0 0 0 1 0 0 0 3 0 0 0/0 19:43 0:00 4:37
Calle Jarnkrok 0 0 0 1 0 1 1 1 0 0 0/0 8:26 0:04 0:00
Chandler Stephenson 0 0 0 -2 0 3 1 0 0 1 12/20 19:48 0:54 5:13
Esa Lindell 0 0 0 -2 0 0 0 0 0 0 0/0 21:52 0:00 5:24
Ivan Provorov 0 0 0 -2 0 0 1 0 0 1 0/0 22:14 0:52 4:47
J.T. Compher 0 0 0 0 0 1 1 1 0 0 1/3 12:17 0:04 2:41
John Tavares 0 1 1 0 0 2 2 0 1 2 16/25 16:37 1:01 0:00
Josh Manson 0 0 0 1 4 0 1 3 0 1 0/0 20:03 0:52 4:00
Joshua Morrissey 0 0 0 0 0 0 0 2 0 0 0/0 18:03 1:07 0:00
Mark Scheifele 0 0 0 0 0 2 3 0 0 0 0/0 16:47 1:01 0:00
Mason Marchment 0 1 1 1 6 1 0 0 0 1 0/0 7:07 0:00 0:00
Max Domi 0 0 0 -2 2 7 2 1 0 0 0/0 15:14 0:54 0:42
Morgan Rielly 0 0 0 0 0 1 0 0 0 0 0/0 18:03 1:07 0:00
Nazem Kadri 1 0 1 1 0 2 0 0 0 0 3/4 8:46 0:00 0:42
Teuvo Teravainen 0 0 0 0 0 1 1 0 0 0 0/0 14:52 0:00 3:15
William Nylander 1 0 1 0 0 5 0 0 0 0 0/5 17:34 1:01 0:00
3 Stars
1 - Ivan Barbashev (SJS)
2 - Adam Henrique (SJS)
3 - Christian Dvorak (SJS)
Power Play
San Jose Sharks - 1 on 6 Attempt(s) - 16.67%
Anaheim Ducks - 0 on 1 Attempt(s) - 0.00%
Penalty Kill
San Jose Sharks - 1 on 1 Attempt(s) - 100.00%
- Score 0 goal in Penalty Kill
Anaheim Ducks - 5 on 6 Attempt(s) - 83.33%
- Score 0 goal in Penalty Kill
Team Stat
San Jose Sharks - Hits : 20 - Faceoff Wins : 25 - Blocked Shots : 5 - Penalty Minutes : 2
Anaheim Ducks - Hits : 15 - Faceoff Wins : 33 - Blocked Shots : 14 - Penalty Minutes : 12
Official
Referees : Francois StLaurent and Garrett Rank
Linesman : Tim Nowak and Darren Gibbs
Game Notes
2:55 of 1st period - San Jose Sharks goal is going for a video replay. After video review, Goal.
J.T. Compher is injured at 9:10 of 3rd period (Back)
Finance
Level 1 -- Attendance: 4554 (75.90%) -- Ticket Income $455,400
Level 2 -- Attendance: 3703 (74.06%) -- Ticket Income $222,180
Level 3 -- Attendance: 1980 (66.00%) -- Ticket Income $91,080
Level 4 -- Attendance: 3466 (69.32%) -- Ticket Income $86,650
Luxury Box -- Attendance: 769 (76.90%) -- Ticket Income $153,800
Game was played at the Honda Center.
Total Attendance: 14472 (72.36%)
Total Ticket Income: $1,009,110
Other Income: $353,188
Total Income: $1,362,298
San Jose Sharks
5 vs 5 Forward
Center Left Wing Right Wing Time % Phy DF OF
1 William Karlsson Valeri Nichushkin Dylan Strome 30 1 2 2
2 Adam Henrique Christian Dvorak Ivan Barbashev 30 1 2 2
3 Ryan Hartman Andreas Athanasiou Jack Roslovic 25 1 2 2
4 John Hayden Victor Olofsson Ilya Mikheyev 15 1 2 2
5 vs 5 Defense
Defense Defense Time % Phy DF OF
1 Dmitry Orlov Derek Forbort 35 1 2 2
2 Zachary Werenski Connor Murphy 35 1 2 2
3 Christopher Tanev Simon Nemec 30 1 2 2
4 Dmitry Orlov Derek Forbort 0 1 2 2
PowerPlay Forward
Center Left Wing Right Wing Time % Phy DF OF
1 William Karlsson Valeri Nichushkin Dylan Strome 50 1 2 2
2 Adam Henrique Christian Dvorak Ivan Barbashev 50 1 2 2
PowerPlay Defense
Defense Defense Time % Phy DF OF
1 Dmitry Orlov Derek Forbort 50 1 2 2
2 Zachary Werenski Connor Murphy 50 1 2 2
Penalty Kill 4 Players Forward
Center Wing Time % Phy DF OF
1 Valeri Nichushkin William Karlsson 50 1 2 2
2 Adam Henrique Dylan Strome 50 1 2 2
Penalty Kill 4 Players Defense
Defense Defense Time % Phy DF OF
1 Dmitry Orlov Derek Forbort 50 1 2 2
2 Zachary Werenski Connor Murphy 50 1 2 2
Penalty Kill - 3 Players Forward
Forward Time % Phy DF OF
1 Valeri Nichushkin 50 1 2 2
2 William Karlsson 50 1 2 2
Penalty Kill - 3 Players Defense
Defense Defense Time % Phy DF OF
1 Dmitry Orlov Derek Forbort 50 1 2 2
2 Zachary Werenski Connor Murphy 50 1 2 2
4 vs 4 Forward
Center Wing Time % Phy DF OF
1 Valeri Nichushkin William Karlsson 50 1 2 2
2 Adam Henrique Dylan Strome 50 1 2 2
4 vs 4 Defense
Defense Defense Time % Phy DF OF
1 Dmitry Orlov Derek Forbort 50 1 2 2
2 Zachary Werenski Connor Murphy 50 1 2 2
Last Minutes Offensive
Center Left Wing Right Wing Defense Defense
William Karlsson Valeri Nichushkin Dylan Strome Dmitry Orlov Derek Forbort
Last Minutes Defensive
Center Left Wing Right Wing Defense Defense
William Karlsson Valeri Nichushkin Dylan Strome Dmitry Orlov Derek Forbort
Goaltenders
Starting : Ilya Samsonov
Backup : Logan Thompson
Extra Forwards
Normal : Ryan Hartman, Andreas Athanasiou, Jack Roslovic - PP : Ryan Hartman, Andreas Athanasiou - PK : Jack Roslovic
Extra Defensemen
Normal : Christopher Tanev, Simon Nemec, Zachary Werenski - PP : Christopher Tanev - PK : Simon Nemec, Zachary Werenski
Penalty Shots
Valeri Nichushkin, William Karlsson, Adam Henrique, Dylan Strome, Christian Dvorak
Anaheim Ducks
5 vs 5 Forward
Center Left Wing Right Wing Time % Phy DF OF
1 John Tavares William Nylander Mark Scheifele 40 1 1 3
2 Chandler Stephenson Max Domi Alex Killorn 30 1 2 2
3 J.T. Compher Teuvo Teravainen Brayden Schenn 20 1 2 2
4 Nazem Kadri Mason Marchment Calle Jarnkrok 10 1 2 2
5 vs 5 Defense
Defense Defense Time % Phy DF OF
1 Morgan Rielly Joshua Morrissey 35 1 2 2
2 Ivan Provorov Esa Lindell 35 1 2 2
3 Brenden Dillon Josh Manson 30 1 2 2
4 Morgan Rielly Esa Lindell 0 1 2 2
PowerPlay Forward
Center Left Wing Right Wing Time % Phy DF OF
1 John Tavares William Nylander Mark Scheifele 60 1 1 3
2 Chandler Stephenson Max Domi Alex Killorn 40 0 1 4
PowerPlay Defense
Defense Defense Time % Phy DF OF
1 Morgan Rielly Joshua Morrissey 60 1 2 2
2 Josh Manson Ivan Provorov 40 1 2 2
Penalty Kill 4 Players Forward
Center Wing Time % Phy DF OF
1 Chandler Stephenson Alex Killorn 55 1 3 1
2 J.T. Compher Teuvo Teravainen 45 1 3 1
Penalty Kill 4 Players Defense
Defense Defense Time % Phy DF OF
1 Esa Lindell Brenden Dillon 50 1 3 1
2 Ivan Provorov Josh Manson 50 1 3 1
Penalty Kill - 3 Players Forward
Forward Time % Phy DF OF
1 Alex Killorn 50 1 3 1
2 Chandler Stephenson 50 1 3 1
Penalty Kill - 3 Players Defense
Defense Defense Time % Phy DF OF
1 Esa Lindell Brenden Dillon 50 1 3 1
2 Josh Manson Ivan Provorov 50 1 3 1
4 vs 4 Forward
Center Wing Time % Phy DF OF
1 John Tavares William Nylander 60 1 2 2
2 Chandler Stephenson Mark Scheifele 40 1 2 2
4 vs 4 Defense
Defense Defense Time % Phy DF OF
1 Esa Lindell Morgan Rielly 50 1 2 2
2 Ivan Provorov Brenden Dillon 50 1 2 2
Last Minutes Offensive
Center Left Wing Right Wing Defense Defense
John Tavares William Nylander Mark Scheifele Morgan Rielly Joshua Morrissey
Last Minutes Defensive
Center Left Wing Right Wing Defense Defense
Chandler Stephenson Alex Killorn Teuvo Teravainen Ivan Provorov Esa Lindell
Goaltenders
Starting : Linus Ullmark
Backup : James Reimer
Extra Forwards
Normal : William Nylander, John Tavares, Mark Scheifele - PP : John Tavares, Mark Scheifele - PK : Alex Killorn
Extra Defensemen
Normal : Esa Lindell, Morgan Rielly, Joshua Morrissey - PP : Joshua Morrissey - PK : Esa Lindell, Morgan Rielly
Penalty Shots
William Nylander, Teuvo Teravainen, Mark Scheifele, Calle Jarnkrok, Alex Killorn
% Time on Ice - San Jose Sharks
Lines # - Real PCT - Wanted PCT - Time Play
Normal Forward
1 - 28% - 30% - 13:37
2 - 30% - 30% - 14:33
3 - 25% - 25% - 12:01
4 - 17% - 15% - 8:26
Normal Defense
1 - 36% - 35% - 17:22
2 - 35% - 35% - 17:08
3 - 29% - 30% - 14:07
4 - 0% - 0% - 0:00
PP Forward
1 - 49% - 50% - 4:38
2 - 51% - 50% - 4:46
PP Defense
1 - 43% - 50% - 4:04
2 - 57% - 50% - 5:20
PK Forward
1 - 53% - 50% - 1:03
2 - 47% - 50% - 0:56
PK Defense
1 - 57% - 50% - 1:08
2 - 43% - 50% - 0:51
PK3 Forward
1 - 0% - 50%
2 - 0% - 50%
PK3 Defense
1 - 0% - 50%
2 - 0% - 50%
44 Forward
1 - 0% - 50%
2 - 0% - 50%
44 Defense
1 - 0% - 50%
2 - 0% - 50%
Last Minute Offensive - 0:00
Last Minute Defensive - 0:00
Total
Forward - 60:00
Defense - 60:00
|
% Time on Ice - Anaheim Ducks
Lines # - Real PCT - Wanted PCT - Time Play
Normal Forward
1 - 31% - 40% - 15:15
2 - 31% - 30% - 15:16
3 - 23% - 20% - 11:04
4 - 14% - 10% - 7:02
Normal Defense
1 - 36% - 35% - 17:37
2 - 34% - 35% - 16:35
3 - 30% - 30% - 14:25
4 - 0% - 0% - 0:00
PP Forward
1 - 55% - 60% - 1:05
2 - 45% - 40% - 0:54
PP Defense
1 - 56% - 60% - 1:07
2 - 44% - 40% - 0:52
PK Forward
1 - 61% - 55% - 5:44
2 - 39% - 45% - 3:40
PK Defense
1 - 49% - 50% - 4:37
2 - 51% - 50% - 4:47
PK3 Forward
1 - 0% - 50%
2 - 0% - 50%
PK3 Defense
1 - 0% - 50%
2 - 0% - 50%
44 Forward
1 - 0% - 60%
2 - 0% - 40%
44 Defense
1 - 0% - 50%
2 - 0% - 50%
Last Minute Offensive - 0:00
Last Minute Defensive - 0:00
Total
Forward - 60:00
Defense - 60:00
|
Play-by-Play
1st period
0:01 of 1st period - William Karlsson wins face-off versus John Tavares in neutral zone.
0:16 of 1st period - Slapshot by Valeri Nichushkin.
0:16 of 1st period - Stopped by Linus Ullmark without a rebound.
0:17 of 1st period - Chandler Stephenson wins face-off versus Adam Henrique in Anaheim Ducks zone.
0:46 of 1st period - Slapshot by Jack Roslovic.
0:46 of 1st period - Shot Misses the Net.
1:08 of 1st period - Slapshot by Victor Olofsson.
1:08 of 1st period - Goal by Victor Olofsson - San Jose Sharks : 1 - Anaheim Ducks : 0.
1:09 of 1st period - Nazem Kadri wins face-off versus William Karlsson in neutral zone.
1:18 of 1st period - Wrist shot by Dylan Strome.
1:18 of 1st period - Shot Blocked by Calle Jarnkrok.
1:20 of 1st period - Slapshot by Christopher Tanev.
1:20 of 1st period - Stopped by Linus Ullmark without a rebound.
1:21 of 1st period - John Tavares wins face-off versus Adam Henrique in Anaheim Ducks zone.
2:18 of 1st period - Snap shot by Dylan Strome.
2:18 of 1st period - Stopped by Linus Ullmark without a rebound.
2:19 of 1st period - John Hayden wins face-off versus William Nylander in Anaheim Ducks zone.
2:53 of 1st period - Slapshot by Ivan Barbashev.
2:53 of 1st period - Shot Misses the Net.
2:55 of 1st period - Snap shot by Zachary Werenski.
2:55 of 1st period - San Jose Sharks goal is going for a video replay.
2:55 of 1st period - The goal is good.
2:55 of 1st period - Goal by Zachary Werenski - San Jose Sharks : 2 - Anaheim Ducks : 0.
2:56 of 1st period - William Karlsson wins face-off versus Nazem Kadri in neutral zone.
3:26 of 1st period - Jack Roslovic is hit by John Tavares and loses puck.
3:43 of 1st period - Snap shot by Adam Henrique.
3:43 of 1st period - Shot Blocked by Josh Manson.
3:45 of 1st period - Wrist shot by Christian Dvorak.
3:45 of 1st period - Deflect By Adam Henrique.
3:45 of 1st period - Shot Misses the Net.
3:45 of 1st period - Puck is out of play.
3:46 of 1st period - Adam Henrique wins face-off versus J.T. Compher in Anaheim Ducks zone.
4:16 of 1st period - Snap shot by Adam Henrique.
4:16 of 1st period - Stopped by Linus Ullmark with a rebound.
4:18 of 1st period - Snap shot by Dmitry Orlov.
4:18 of 1st period - Shot Misses the Net.
4:48 of 1st period - Wrist shot by Adam Henrique.
4:48 of 1st period - Stopped by Linus Ullmark with a rebound.
4:50 of 1st period - Slapshot by Connor Murphy.
4:50 of 1st period - Shot Blocked by Brayden Schenn.
5:13 of 1st period - Snap shot by Brayden Schenn.
5:13 of 1st period - Shot Blocked by Christian Dvorak.
5:47 of 1st period - Wrist shot by J.T. Compher.
5:47 of 1st period - Shot Misses the Net.
5:57 of 1st period - Snap shot by Adam Henrique.
5:57 of 1st period - Shot Misses the Net.
5:59 of 1st period - Slapshot by Zachary Werenski.
5:59 of 1st period - Deflect By J.T. Compher.
5:59 of 1st period - Stopped by Linus Ullmark with a rebound.
6:41 of 1st period - Wrist shot by Christian Dvorak.
6:41 of 1st period - Stopped by Linus Ullmark with a rebound.
6:43 of 1st period - Wrist shot by Zachary Werenski.
6:43 of 1st period - Shot Blocked by Brayden Schenn.
6:45 of 1st period - Wrist shot by Connor Murphy.
6:45 of 1st period - Stopped by Linus Ullmark without a rebound.
6:46 of 1st period - John Tavares wins face-off versus William Karlsson in Anaheim Ducks zone.
6:57 of 1st period - Snap shot by Mark Scheifele.
6:57 of 1st period - Stopped by Ilya Samsonov with a rebound.
6:59 of 1st period - Slapshot by Brenden Dillon.
6:59 of 1st period - Deflect By William Nylander.
6:59 of 1st period - Stopped by Ilya Samsonov with a rebound.
7:13 of 1st period - Derek Forbort is hit by Josh Manson and loses puck.
7:20 of 1st period - Backhand shot by Chandler Stephenson.
7:20 of 1st period - Stopped by Ilya Samsonov with a rebound.
8:34 of 1st period - Snap shot by Calle Jarnkrok.
8:34 of 1st period - Shot Misses the Net.
8:36 of 1st period - Slapshot by Morgan Rielly.
8:36 of 1st period - Stopped by Ilya Samsonov without a rebound.
8:37 of 1st period - Nazem Kadri wins face-off versus William Karlsson in San Jose Sharks zone.
9:00 of 1st period - Minor Penalty to Mason Marchment for Holding.
9:01 of 1st period - Chandler Stephenson wins face-off versus William Karlsson in Anaheim Ducks zone.
9:44 of 1st period - Ivan Provorov is hit by Valeri Nichushkin and loses puck.
10:26 of 1st period - Nazem Kadri is hit by Derek Forbort and loses puck.
11:00 of 1st period - Penalty to Mason Marchment is over, Mason Marchment is back on ice.
11:02 of 1st period - Icing by Ivan Provorov.
11:03 of 1st period - John Tavares wins face-off versus Dylan Strome in Anaheim Ducks zone.
11:12 of 1st period - Wrist shot by William Nylander.
11:12 of 1st period - Stopped by Ilya Samsonov without a rebound.
11:13 of 1st period - John Tavares wins face-off versus Ryan Hartman in San Jose Sharks zone.
11:26 of 1st period - Wrist shot by John Tavares.
11:26 of 1st period - Stopped by Ilya Samsonov with a rebound.
11:42 of 1st period - Wrist shot by Victor Olofsson.
11:42 of 1st period - Stopped by Linus Ullmark without a rebound.
11:43 of 1st period - Chandler Stephenson wins face-off versus John Hayden in Anaheim Ducks zone.
11:48 of 1st period - Wrist shot by Victor Olofsson.
11:48 of 1st period - Stopped by Linus Ullmark with a rebound.
12:36 of 1st period - Wrist shot by Chandler Stephenson.
12:36 of 1st period - Stopped by Ilya Samsonov with a rebound.
12:38 of 1st period - Wrist shot by Alex Killorn.
12:38 of 1st period - Deflect By Max Domi.
12:38 of 1st period - Stopped by Ilya Samsonov without a rebound.
12:39 of 1st period - John Tavares wins face-off versus William Karlsson in San Jose Sharks zone.
13:06 of 1st period - Calle Jarnkrok is hit by Dmitry Orlov and loses puck.
13:33 of 1st period - Snap shot by Christian Dvorak.
13:33 of 1st period - Shot Misses the Net.
13:35 of 1st period - Wrist shot by Adam Henrique.
13:35 of 1st period - Stopped by Linus Ullmark without a rebound.
13:36 of 1st period - William Karlsson wins face-off versus John Tavares in Anaheim Ducks zone.
13:37 of 1st period - Wrist shot by Valeri Nichushkin.
13:37 of 1st period - Stopped by Linus Ullmark with a rebound.
13:39 of 1st period - Slapshot by Valeri Nichushkin.
13:39 of 1st period - Stopped by Linus Ullmark with a rebound.
14:03 of 1st period - Jack Roslovic is hit by Chandler Stephenson and loses puck.
14:26 of 1st period - Wrist shot by Ilya Mikheyev.
14:26 of 1st period - Stopped by Linus Ullmark with a rebound.
14:36 of 1st period - Snap shot by Victor Olofsson.
14:36 of 1st period - Shot Misses the Net.
14:44 of 1st period - Josh Manson is hit by John Hayden and loses puck.
15:07 of 1st period - Wrist shot by Victor Olofsson.
15:07 of 1st period - Stopped by Linus Ullmark without a rebound.
15:08 of 1st period - William Karlsson wins face-off versus John Tavares in Anaheim Ducks zone.
16:21 of 1st period - Esa Lindell is hit by Simon Nemec and loses puck.
16:52 of 1st period - Brenden Dillon is hit by John Hayden.
17:02 of 1st period - Snap shot by Victor Olofsson.
17:02 of 1st period - Shot Misses the Net.
17:14 of 1st period - Teuvo Teravainen is hit by Zachary Werenski and loses puck.
17:19 of 1st period - Snap shot by Ivan Barbashev.
17:19 of 1st period - Shot Blocked by Josh Manson.
17:27 of 1st period - Brenden Dillon is hit by Valeri Nichushkin and loses puck.
17:40 of 1st period - Joshua Morrissey is hit by Ryan Hartman and loses puck.
18:44 of 1st period - Wrist shot by Dylan Strome.
18:44 of 1st period - Shot Blocked by Josh Manson.
19:58 of 1st period - Wrist shot by Adam Henrique.
19:58 of 1st period - Shot Blocked by Joshua Morrissey.
Goals for this period are 2 for San Jose Sharks vs 0 for Anaheim Ducks.
Shots for this period are 17 for San Jose Sharks vs 8 for Anaheim Ducks.
2nd period
0:01 of 2nd period - John Tavares wins face-off versus William Karlsson in neutral zone.
0:36 of 2nd period - Slapshot by Chandler Stephenson.
0:36 of 2nd period - Stopped by Ilya Samsonov without a rebound.
0:37 of 2nd period - Chandler Stephenson wins face-off versus Adam Henrique in San Jose Sharks zone.
0:40 of 2nd period - Slapshot by Chandler Stephenson.
0:40 of 2nd period - Shot Misses the Net.
0:50 of 2nd period - Wrist shot by Adam Henrique.
0:50 of 2nd period - Shot Misses the Net.
0:52 of 2nd period - Snap shot by Christian Dvorak.
0:52 of 2nd period - Stopped by Linus Ullmark with a rebound.
1:57 of 2nd period - Snap shot by Christian Dvorak.
1:57 of 2nd period - Shot Hit the Post.
2:28 of 2nd period - Wrist shot by Valeri Nichushkin.
2:28 of 2nd period - Shot Misses the Net.
2:34 of 2nd period - Wrist shot by William Karlsson.
2:34 of 2nd period - Stopped by Linus Ullmark without a rebound.
2:35 of 2nd period - John Tavares wins face-off versus Adam Henrique in Anaheim Ducks zone.
3:00 of 2nd period - Valeri Nichushkin is hit by Teuvo Teravainen and loses puck.
3:11 of 2nd period - Slapshot by William Karlsson.
3:11 of 2nd period - Shot Blocked by Brayden Schenn.
3:23 of 2nd period - Slapshot by Mason Marchment.
3:23 of 2nd period - Stopped by Ilya Samsonov with a rebound.
3:25 of 2nd period - Slapshot by Ivan Provorov.
3:25 of 2nd period - Deflect By Calle Jarnkrok.
3:25 of 2nd period - Stopped by Ilya Samsonov with a rebound.
4:02 of 2nd period - Derek Forbort is hit by John Tavares and loses puck.
4:53 of 2nd period - Wrist shot by Max Domi.
4:53 of 2nd period - Stopped by Ilya Samsonov without a rebound.
4:54 of 2nd period - John Tavares wins face-off versus Ryan Hartman in San Jose Sharks zone.
5:13 of 2nd period - Simon Nemec is hit by Ivan Provorov and loses puck.
5:29 of 2nd period - Slapshot by Andreas Athanasiou.
5:29 of 2nd period - Stopped by Linus Ullmark with a rebound.
5:31 of 2nd period - Slapshot by Connor Murphy.
5:31 of 2nd period - Shot Misses the Net.
5:33 of 2nd period - Wrist shot by Ryan Hartman.
5:33 of 2nd period - Stopped by Linus Ullmark without a rebound.
5:34 of 2nd period - Chandler Stephenson wins face-off versus William Karlsson in Anaheim Ducks zone.
5:46 of 2nd period - Wrist shot by Alex Killorn.
5:46 of 2nd period - Shot Blocked by Christopher Tanev.
6:00 of 2nd period - Christopher Tanev is hit by J.T. Compher and loses puck.
6:05 of 2nd period - Snap shot by J.T. Compher.
6:05 of 2nd period - Stopped by Ilya Samsonov without a rebound.
6:06 of 2nd period - Adam Henrique wins face-off versus William Nylander in San Jose Sharks zone.
6:29 of 2nd period - Minor Penalty to Ivan Barbashev for Hooking.
6:30 of 2nd period - John Tavares wins face-off versus Valeri Nichushkin in San Jose Sharks zone.
7:38 of 2nd period - Connor Murphy is hit by Max Domi and loses puck.
8:29 of 2nd period - Penalty to Ivan Barbashev is over, Ivan Barbashev is back on ice.
8:30 of 2nd period - Dmitry Orlov is hit by Calle Jarnkrok and loses puck.
8:39 of 2nd period - Ivan Barbashev is hit by Brayden Schenn.
8:44 of 2nd period - Off-side.
8:45 of 2nd period - Nazem Kadri wins face-off versus John Hayden in neutral zone.
9:34 of 2nd period - Off-side.
9:35 of 2nd period - Adam Henrique wins face-off versus William Nylander in neutral zone.
9:40 of 2nd period - Mark Scheifele is hit by Ivan Barbashev and loses puck.
10:11 of 2nd period - Snap shot by Dylan Strome.
10:11 of 2nd period - Shot Blocked by Max Domi.
10:27 of 2nd period - Slapshot by Zachary Werenski.
10:27 of 2nd period - Shot Misses the Net.
10:29 of 2nd period - Snap shot by Zachary Werenski.
10:29 of 2nd period - Deflect By Jack Roslovic.
10:29 of 2nd period - Shot Misses the Net.
10:29 of 2nd period - Puck is out of play.
10:30 of 2nd period - Adam Henrique wins face-off versus John Tavares in Anaheim Ducks zone.
10:49 of 2nd period - Adam Henrique is hit by Mark Scheifele and loses puck.
11:45 of 2nd period - Wrist shot by Christian Dvorak.
11:45 of 2nd period - Stopped by Linus Ullmark without a rebound.
11:46 of 2nd period - John Tavares wins face-off versus William Karlsson in Anaheim Ducks zone.
11:51 of 2nd period - Snap shot by William Nylander.
11:51 of 2nd period - Goal by William Nylander - San Jose Sharks : 2 - Anaheim Ducks : 1.
11:52 of 2nd period - John Tavares wins face-off versus William Karlsson in neutral zone.
12:40 of 2nd period - Snap shot by Brayden Schenn.
12:40 of 2nd period - Shot Blocked by John Hayden.
13:22 of 2nd period - Slapshot by Valeri Nichushkin.
13:22 of 2nd period - Stopped by Linus Ullmark without a rebound.
13:23 of 2nd period - Dylan Strome wins face-off versus John Tavares in Anaheim Ducks zone.
13:28 of 2nd period - Snap shot by Dylan Strome.
13:28 of 2nd period - Shot Misses the Net.
13:58 of 2nd period - Snap shot by Max Domi.
13:58 of 2nd period - Stopped by Ilya Samsonov without a rebound.
13:59 of 2nd period - Chandler Stephenson wins face-off versus Ryan Hartman in San Jose Sharks zone.
14:00 of 2nd period - Slapshot by Alex Killorn.
14:00 of 2nd period - Stopped by Ilya Samsonov with a rebound.
14:20 of 2nd period - Minor Penalty to Josh Manson for Boarding.
14:21 of 2nd period - Chandler Stephenson wins face-off versus Adam Henrique in Anaheim Ducks zone.
14:36 of 2nd period - Slapshot by Adam Henrique.
14:36 of 2nd period - Deflect By Christian Dvorak.
14:36 of 2nd period - Goal by Christian Dvorak - San Jose Sharks : 3 - Anaheim Ducks : 1.
14:37 of 2nd period - John Tavares wins face-off versus William Karlsson in neutral zone.
15:29 of 2nd period - Max Domi is hit by Dmitry Orlov and loses puck.
15:38 of 2nd period - Snap shot by Ryan Hartman.
15:38 of 2nd period - Deflect By Jack Roslovic.
15:38 of 2nd period - Shot Misses the Net.
15:38 of 2nd period - Puck is out of play.
15:39 of 2nd period - John Tavares wins face-off versus Adam Henrique in Anaheim Ducks zone.
15:39 of 2nd period - John Tavares is hit by Ivan Barbashev.
16:13 of 2nd period - Snap shot by Ryan Hartman.
16:13 of 2nd period - Shot Blocked by Brenden Dillon.
16:21 of 2nd period - Alex Killorn is hit by Jack Roslovic and loses puck.
16:49 of 2nd period - Wrist shot by Max Domi.
16:49 of 2nd period - Stopped by Ilya Samsonov with a rebound.
16:51 of 2nd period - Wrist shot by Alex Killorn.
16:51 of 2nd period - Shot Misses the Net.
16:55 of 2nd period - Snap shot by Alex Killorn.
16:55 of 2nd period - Shot Misses the Net.
16:57 of 2nd period - Wrist shot by Chandler Stephenson.
16:57 of 2nd period - Shot Misses the Net.
16:59 of 2nd period - Snap shot by Alex Killorn.
16:59 of 2nd period - Stopped by Ilya Samsonov without a rebound.
17:00 of 2nd period - William Karlsson wins face-off versus John Tavares in San Jose Sharks zone.
17:00 of 2nd period - William Karlsson is hit by Mark Scheifele.
17:08 of 2nd period - Wrist shot by Dylan Strome.
17:08 of 2nd period - Shot Misses the Net.
17:10 of 2nd period - Wrist shot by William Karlsson.
17:10 of 2nd period - Stopped by Linus Ullmark with a rebound.
17:12 of 2nd period - Snap shot by Dylan Strome.
17:12 of 2nd period - Shot Blocked by Joshua Morrissey.
18:17 of 2nd period - John Tavares is hit by William Karlsson and loses puck.
18:54 of 2nd period - Backhand shot by Nazem Kadri.
18:54 of 2nd period - Stopped by Ilya Samsonov with a rebound.
Goals for this period are 1 for San Jose Sharks vs 1 for Anaheim Ducks.
Shots for this period are 8 for San Jose Sharks vs 11 for Anaheim Ducks.
3rd period
0:01 of 3rd period - John Tavares wins face-off versus William Karlsson in neutral zone.
0:35 of 3rd period - Minor Penalty to Max Domi for Goalie Interference.
0:36 of 3rd period - Chandler Stephenson wins face-off versus Adam Henrique in Anaheim Ducks zone.
1:53 of 3rd period - Icing by Dmitry Orlov.
1:54 of 3rd period - Adam Henrique wins face-off versus Chandler Stephenson in San Jose Sharks zone.
2:01 of 3rd period - Esa Lindell is hit by Valeri Nichushkin and loses puck.
2:22 of 3rd period - Brenden Dillon is hit by Ivan Barbashev and loses puck.
2:35 of 3rd period - Penalty to Max Domi is over, Max Domi is back on ice.
3:19 of 3rd period - Snap shot by William Nylander.
3:19 of 3rd period - Shot Misses the Net.
3:28 of 3rd period - Minor Penalty to Mason Marchment for Tripping.
3:29 of 3rd period - J.T. Compher wins face-off versus Adam Henrique in Anaheim Ducks zone.
3:45 of 3rd period - Snap shot by Ivan Barbashev.
3:45 of 3rd period - Shot Blocked by Brenden Dillon.
4:03 of 3rd period - Backhand shot by Dylan Strome.
4:03 of 3rd period - Shot Misses the Net.
4:05 of 3rd period - Slapshot by Valeri Nichushkin.
4:05 of 3rd period - Shot Misses the Net.
4:09 of 3rd period - Snap shot by Valeri Nichushkin.
4:09 of 3rd period - Stopped by Linus Ullmark without a rebound.
4:10 of 3rd period - William Karlsson wins face-off versus J.T. Compher in Anaheim Ducks zone.
4:44 of 3rd period - Wrist shot by Ivan Barbashev.
4:44 of 3rd period - Stopped by Linus Ullmark with a rebound.
4:46 of 3rd period - Slapshot by Connor Murphy.
4:46 of 3rd period - Stopped by Linus Ullmark with a rebound.
5:28 of 3rd period - Penalty to Mason Marchment is over, Mason Marchment is back on ice.
5:49 of 3rd period - Wrist shot by John Tavares.
5:49 of 3rd period - Shot Misses the Net.
6:05 of 3rd period - Snap shot by Nazem Kadri.
6:05 of 3rd period - Goal by Nazem Kadri - San Jose Sharks : 3 - Anaheim Ducks : 2.
6:06 of 3rd period - William Karlsson wins face-off versus John Tavares in neutral zone.
6:11 of 3rd period - Derek Forbort is hit by Mark Scheifele and loses puck.
6:34 of 3rd period - Icing by Morgan Rielly.
6:35 of 3rd period - Chandler Stephenson wins face-off versus Adam Henrique in Anaheim Ducks zone.
6:39 of 3rd period - Off-side.
6:40 of 3rd period - Chandler Stephenson wins face-off versus Adam Henrique in neutral zone.
6:55 of 3rd period - Snap shot by Max Domi.
6:55 of 3rd period - Stopped by Ilya Samsonov with a rebound.
6:57 of 3rd period - Slapshot by Max Domi.
6:57 of 3rd period - Stopped by Ilya Samsonov with a rebound.
7:07 of 3rd period - Snap shot by Max Domi.
7:07 of 3rd period - Stopped by Ilya Samsonov without a rebound.
7:08 of 3rd period - William Karlsson wins face-off versus John Tavares in San Jose Sharks zone.
7:36 of 3rd period - Ryan Hartman is hit by Brayden Schenn and loses puck.
8:01 of 3rd period - Slapshot by Dmitry Orlov.
8:01 of 3rd period - Shot Misses the Net.
8:24 of 3rd period - Minor Penalty to Mason Marchment for Roughing.
8:25 of 3rd period - Adam Henrique wins face-off versus Chandler Stephenson in Anaheim Ducks zone.
9:10 of 3rd period - Snap shot by Adam Henrique.
9:10 of 3rd period - Shot Blocked by J.T. Compher.
9:10 of 3rd period - J.T. Compher from Anaheim Ducks is injured at 9:10 of 3rd period (Back).
9:11 of 3rd period - Chandler Stephenson wins face-off versus William Karlsson in Anaheim Ducks zone.
9:26 of 3rd period - Backhand shot by Dylan Strome.
9:26 of 3rd period - Shot Misses the Net.
9:40 of 3rd period - Snap shot by Teuvo Teravainen.
9:40 of 3rd period - Stopped by Ilya Samsonov without a rebound.
9:41 of 3rd period - Adam Henrique wins face-off versus Chandler Stephenson in San Jose Sharks zone.
10:24 of 3rd period - Penalty to Mason Marchment is over, Mason Marchment is back on ice.
10:37 of 3rd period - Snap shot by Mark Scheifele.
10:37 of 3rd period - Deflect By John Tavares.
10:37 of 3rd period - Stopped by Ilya Samsonov without a rebound.
10:38 of 3rd period - John Tavares wins face-off versus Ivan Barbashev in San Jose Sharks zone.
10:49 of 3rd period - Wrist shot by Adam Henrique.
10:49 of 3rd period - Shot Misses the Net.
10:51 of 3rd period - Snap shot by Derek Forbort.
10:51 of 3rd period - Stopped by Linus Ullmark without a rebound.
10:52 of 3rd period - John Tavares wins face-off versus William Karlsson in Anaheim Ducks zone.
11:01 of 3rd period - Snap shot by William Nylander.
11:01 of 3rd period - Stopped by Ilya Samsonov with a rebound.
11:05 of 3rd period - Wrist shot by William Nylander.
11:05 of 3rd period - Stopped by Ilya Samsonov with a rebound.
11:07 of 3rd period - Backhand shot by Mark Scheifele.
11:07 of 3rd period - Stopped by Ilya Samsonov without a rebound.
11:08 of 3rd period - Chandler Stephenson wins face-off versus Adam Henrique in San Jose Sharks zone.
11:22 of 3rd period - Wrist shot by Christian Dvorak.
11:22 of 3rd period - Stopped by Linus Ullmark with a rebound.
11:24 of 3rd period - Snap shot by Adam Henrique.
11:24 of 3rd period - Deflect By Ivan Barbashev.
11:24 of 3rd period - Goal by Ivan Barbashev - San Jose Sharks : 4 - Anaheim Ducks : 2.
11:25 of 3rd period - William Karlsson wins face-off versus John Tavares in neutral zone.
11:52 of 3rd period - Josh Manson is hit by Adam Henrique and loses puck.
12:10 of 3rd period - Off-side.
12:11 of 3rd period - Ryan Hartman wins face-off versus William Nylander in neutral zone.
12:26 of 3rd period - Wrist shot by Jack Roslovic.
12:26 of 3rd period - Shot Misses the Net.
12:29 of 3rd period - Icing by Joshua Morrissey.
12:30 of 3rd period - William Karlsson wins face-off versus William Nylander in Anaheim Ducks zone.
12:43 of 3rd period - Slapshot by William Nylander.
12:43 of 3rd period - Shot Misses the Net.
13:05 of 3rd period - Snap shot by Brayden Schenn.
13:05 of 3rd period - Shot Misses the Net.
13:11 of 3rd period - Snap shot by Teuvo Teravainen.
13:11 of 3rd period - Shot Misses the Net.
13:13 of 3rd period - Snap shot by Brayden Schenn.
13:13 of 3rd period - Shot Blocked by Zachary Werenski.
13:51 of 3rd period - Snap shot by Brayden Schenn.
13:51 of 3rd period - Shot Blocked by Connor Murphy.
13:53 of 3rd period - Snap shot by Brayden Schenn.
13:53 of 3rd period - Stopped by Ilya Samsonov without a rebound.
13:54 of 3rd period - William Karlsson wins face-off versus Chandler Stephenson in San Jose Sharks zone.
15:06 of 3rd period - Brenden Dillon is hit by Ivan Barbashev and loses puck.
15:57 of 3rd period - Brayden Schenn is hit by Dylan Strome and loses puck.
16:17 of 3rd period - Christopher Tanev is hit by Max Domi and loses puck.
17:50 of 3rd period - Ivan Provorov is hit by Connor Murphy and loses puck.
18:47 of 3rd period - Minor Penalty to Josh Manson for Holding.
18:48 of 3rd period - Adam Henrique wins face-off versus Chandler Stephenson in Anaheim Ducks zone.
18:49 of 3rd period - Snap shot by Ivan Barbashev.
18:49 of 3rd period - Stopped by Linus Ullmark without a rebound.
18:50 of 3rd period - Adam Henrique wins face-off versus Chandler Stephenson in Anaheim Ducks zone.
18:59 of 3rd period - Wrist shot by Christian Dvorak.
18:59 of 3rd period - Stopped by Linus Ullmark without a rebound.
19:00 of 3rd period - Adam Henrique wins face-off versus Chandler Stephenson in Anaheim Ducks zone.
19:05 of 3rd period - Wrist shot by Ivan Barbashev.
19:05 of 3rd period - Shot Misses the Net.
19:11 of 3rd period - Wrist shot by Ivan Barbashev.
19:11 of 3rd period - Shot Blocked by Brenden Dillon.
19:13 of 3rd period - Slapshot by Dmitry Orlov.
19:13 of 3rd period - Stopped by Linus Ullmark without a rebound.
19:14 of 3rd period - William Karlsson wins face-off versus Chandler Stephenson in Anaheim Ducks zone.
19:44 of 3rd period - Off-side.
19:45 of 3rd period - Brayden Schenn wins face-off versus Adam Henrique in neutral zone.
19:48 of 3rd period - Snap shot by Brayden Schenn.
19:48 of 3rd period - Shot Misses the Net.
Goals for this period are 1 for San Jose Sharks vs 1 for Anaheim Ducks.
Shots for this period are 9 for San Jose Sharks vs 10 for Anaheim Ducks.
Back to the Top